| TOP OF THE 1ST |
|
Great Falls Voyagers batting - Pitching for Burlington Royals : LHP Brett Reed
|
|
Pitching: LHP Brett Reed
|
|
|
Batting: RHB Russ Cornett
|
0-0: Called Strike 0-1: Called Strike 0-2: Strikes out swinging
|
|
Batting: RHB Enrique Gomez
|
0-0: Ball 1-0: Ball 2-0: Foul Ball, location: 2F 2-1: Ball 3-1: Base on Balls
|
|
Batting: SHB Rob Haney
|
0-0: Ball 1-0: Called Strike Enrique Gomez steals 2nd base 1-1: Foul Ball, location: 2F 1-2: Foul Ball, location: 2F 1-2: Foul Ball, location: 2F 1-2: Ball 2-2: Ball 3-2: Strikes out looking
|
|
Batting: RHB Billy Grubbs
|
0-0: Ball 1-0: Called Strike 1-1: 2-RUN HOME RUN (Flyball, 9LD, EV 90.6 MPH), Distance : 340 ft
|
|
Batting: RHB Francisco Marin
|
0-0: Ball 1-0: Foul Ball, location: 2F 1-1: Ball 2-1: Foul Ball, location: 2F 2-2: Ball 3-2: Fly out, F7 (Line Drive, 78M, EV 86.2 MPH)
|
| Top of the 1st over - 2 runs, 1 hit, 0 errors, 0 left on base; Great Falls 2 - Burlington 0 |
| BOTTOM OF THE 1ST |
|
Burlington Royals batting - Pitching for Great Falls Voyagers : LHP Don Stanford
|
|
Pitching: LHP Don Stanford
|
|
|
Batting: RHB Shura Mogilny
|
0-0: Called Strike 0-1: Ball 1-1: Ball 2-1: SINGLE (Groundball, 56S, EV 69.4 MPH) (infield hit)
|
|
Batting: RHB Tim Williams
|
0-0: Ball 1-0: Called Strike 1-1: Foul Ball, location: 2F 1-2: Ball 2-2: Ball 3-2: Base on Balls Shura Mogilny to second
|
|
Batting: RHB Masakuni Takeuchi
|
0-0: Ball 1-0: Swinging Strike 1-1: Ball 2-1: Foul Ball, location: 2F 2-2: 3-RUN HOME RUN (Flyball, 7LD, EV 92.5 MPH), Distance : 337 ft
|
|
Batting: RHB Jason Conner
|
0-0: Ball 1-0: Ground out 3-1 (Groundball, 34, EV 90.0 MPH)
|
|
Batting: RHB David Rubio
|
0-0: Ball 1-0: Called Strike 1-1: Ball 2-1: Fly out, F9 (Flyball, 9D, EV 100.0 MPH)
|
|
Batting: RHB Juan Nieves
|
0-0: Called Strike 0-1: Fly out, F8 (Flyball, 8LM, EV 85.6 MPH)
|
| Bottom of the 1st over - 3 runs, 2 hits, 0 errors, 0 left on base; Great Falls 2 - Burlington 3 |
| TOP OF THE 2ND |
|
Great Falls Voyagers batting - Pitching for Burlington Royals : LHP Brett Reed
|
|
Batting: RHB Tommy Ellington
|
0-0: Called Strike 0-1: DOUBLE (Line Drive, 3D, EV 98.8 MPH)
|
|
Batting: RHB David Laureano
|
0-0: Foul Ball, location: 2F 0-1: Ball 1-1: Called Strike 1-2: Ball 2-2: Foul Ball, location: 2F 2-2: Ball 3-2: Base on Balls
|
|
Batting: RHB Bill Stern
|
0-0: Ball 1-0: Called Strike 1-1: Ball 2-1: Ball 3-1: Base on Balls Tommy Ellington to third David Laureano to second
|
|
Batting: LHB Jose Pereyra
|
0-0: Called Strike 0-1: Foul Ball, location: 2F 0-2: Fly out, F8 (Flyball, 8RM, EV 90.6 MPH)
|
|
Batting: RHB Russ Cornett
|
0-0: Ball 1-0: Called Strike 1-1: Foul Ball, location: 2F 1-2: Foul Ball, location: 2F 1-2: Ball 2-2: Ball 3-2: Foul Ball, location: 2F 3-2: Foul Ball, location: 2F 3-2: Foul Ball, location: 2F 3-2: Fly out, F8 (Flyball, 8LD, EV 107.5 MPH) Runner from 3rd tags up, OUT at HOME! 8-2
|
| Top of the 2nd over - 0 runs, 1 hit, 0 errors, 2 left on base; Great Falls 2 - Burlington 3 |
| BOTTOM OF THE 2ND |
|
Burlington Royals batting - Pitching for Great Falls Voyagers : LHP Don Stanford
|
|
Batting: LHB Jayden Pelayo
|
0-0: Ball 1-0: Ball 2-0: Swinging Strike 2-1: Ground out U3 (Groundball, 3, EV 100.6 MPH)
|
|
Batting: SHB Glenn Harrison
|
0-0: Called Strike 0-1: Foul Ball, location: 2F 0-2: Ball 1-2: Ball 2-2: Strikes out swinging
|
|
Batting: RHB Angel Melendez
|
0-0: Foul Ball, location: 2F 0-1: Foul Ball, location: 2F 0-2: Strikes out swinging
|
| Bottom of the 2nd over - 0 runs, 0 hits, 0 errors, 0 left on base; Great Falls 2 - Burlington 3 |
| TOP OF THE 3RD |
|
Great Falls Voyagers batting - Pitching for Burlington Royals : LHP Brett Reed
|
|
Pitching: RHP Itsuki Eguchi
|
|
|
Batting: RHB Enrique Gomez
|
0-0: Called Strike 0-1: Ball 1-1: Ball 2-1: Swinging Strike 2-2: Strikes out swinging
|
|
Batting: SHB Rob Haney
|
0-0: Ground out 4-3 (Groundball, 4, EV 108.8 MPH)
|
|
Batting: RHB Billy Grubbs
|
0-0: SOLO HOME RUN (Flyball, 7D, EV 96.9 MPH), Distance : 370 ft
|
|
Batting: RHB Francisco Marin
|
0-0: Ball 1-0: Foul Ball, location: 2F 1-1: Ball 2-1: Ball 3-1: Base on Balls
|
|
Batting: RHB Tommy Ellington
|
0-0: Ball Francisco Marin is caught stealing 2nd base 2-4
|
| Top of the 3rd over - 1 run, 1 hit, 0 errors, 0 left on base; Great Falls 3 - Burlington 3 |
| BOTTOM OF THE 3RD |
|
Burlington Royals batting - Pitching for Great Falls Voyagers : LHP Don Stanford
|
|
Batting: RHB Shura Mogilny
|
0-0: Ball 1-0: Ball 2-0: Ball 3-0: Called Strike 3-1: Foul Ball, location: 2F 3-2: Hit by Pitch
|
|
Batting: RHB Tim Williams
|
0-0: Ball Shura Mogilny is caught stealing 2nd base 2-4 1-0: Called Strike 1-1: Ball 2-1: Foul Ball, location: 2F 2-2: Foul Ball, location: 2F 2-2: Ball 3-2: Foul Ball, location: 2F 3-2: Ground out 1-3 (Groundball, 13S, EV 71.9 MPH)
|
|
Batting: RHB Masakuni Takeuchi
|
0-0: Called Strike 0-1: Ball 1-1: Ball 2-1: Ball 3-1: Called Strike 3-2: Base on Balls
|
|
Batting: RHB Jason Conner
|
0-0: Ball 1-0: Ball 2-0: Foul Ball, location: 2F 2-1: Foul Ball, location: 2F 2-2: Foul Ball, location: 2F 2-2: SINGLE (Line Drive, 8LS, EV 97.5 MPH) Masakuni Takeuchi to second
|
|
Batting: RHB David Rubio
|
0-0: Ball 1-0: Called Strike 1-1: Ball 2-1: Called Strike 2-2: Foul Ball, location: 2F 2-2: Ball 3-2: Ground out 6-3 (Groundball, 6D, EV 100.6 MPH)
|
| Bottom of the 3rd over - 0 runs, 1 hit, 0 errors, 2 left on base; Great Falls 3 - Burlington 3 |
| TOP OF THE 4TH |
|
Great Falls Voyagers batting - Pitching for Burlington Royals : RHP Itsuki Eguchi
|
|
Batting: RHB Tommy Ellington
|
0-0: SOLO HOME RUN (Flyball, 7D, EV 100.0 MPH), Distance : 372 ft
|
|
Batting: RHB David Laureano
|
0-0: Swinging Strike 0-1: Swinging Strike 0-2: Ball 1-2: Ball 2-2: Ball 3-2: Base on Balls
|
|
Batting: RHB Bill Stern
|
0-0: Called Strike 0-1: Grounds into double play, 5-4-3 (Groundball, 56S, EV 79.4 MPH)
|
|
Batting: LHB Jose Pereyra
|
0-0: Foul Ball, location: 2F 0-1: Fly out, F7 (Flyball, 7S, EV 78.8 MPH)
|
| Top of the 4th over - 1 run, 1 hit, 0 errors, 0 left on base; Great Falls 4 - Burlington 3 |
| BOTTOM OF THE 4TH |
|
Burlington Royals batting - Pitching for Great Falls Voyagers : LHP Don Stanford
|
|
Batting: RHB Juan Nieves
|
0-0: Swinging Strike 0-1: Ball 1-1: Called Strike 1-2: Strikes out swinging
|
|
Batting: LHB Jayden Pelayo
|
0-0: Called Strike 0-1: Swinging Strike 0-2: Ball 1-2: Foul Ball, location: 2F 1-2: Foul Ball, location: 2F 1-2: Hit by Pitch
|
|
Batting: SHB Glenn Harrison
|
0-0: Swinging Strike 0-1: Ball 1-1: Ball 2-1: Ball 3-1: Swinging Strike 3-2: Foul Ball, location: 2F 3-2: Strikes out swinging
|
|
Batting: RHB Angel Melendez
|
0-0: Swinging Strike 0-1: Fly out, F8 (Flyball, 8LD, EV 99.4 MPH)
|
| Bottom of the 4th over - 0 runs, 0 hits, 0 errors, 1 left on base; Great Falls 4 - Burlington 3 |
| TOP OF THE 5TH |
|
Great Falls Voyagers batting - Pitching for Burlington Royals : RHP Itsuki Eguchi
|
|
Batting: RHB Russ Cornett
|
0-0: Called Strike 0-1: Swinging Strike 0-2: Ball 1-2: Ball 2-2: Foul Ball, location: 2F 2-2: Foul Ball, location: 2F 2-2: Ground out 5-3 (Groundball, 5, EV 108.8 MPH)
|
|
Batting: RHB Enrique Gomez
|
0-0: Swinging Strike 0-1: Swinging Strike 0-2: Strikes out swinging
|
|
Batting: SHB Rob Haney
|
0-0: Ball 1-0: Called Strike 1-1: Ball 2-1: DOUBLE (Line Drive, 9LM, EV 103.1 MPH)
|
|
Batting: RHB Billy Grubbs
|
0-0: Ball 1-0: Ball 2-0: Ball 3-0: Base on Balls
|
|
Pitching: LHP Ken Milhouse
|
|
|
Batting: RHB Francisco Marin
|
0-0: Called Strike 0-1: Ball 1-1: Ball 2-1: Swinging Strike 2-2: Foul Ball, location: 2F 2-2: Strikes out swinging
|
| Top of the 5th over - 0 runs, 1 hit, 0 errors, 2 left on base; Great Falls 4 - Burlington 3 |
| BOTTOM OF THE 5TH |
|
Burlington Royals batting - Pitching for Great Falls Voyagers : LHP Don Stanford
|
|
Batting: RHB Shura Mogilny
|
0-0: Called Strike 0-1: Ground out 6-3 (Groundball, 6, EV 106.9 MPH)
|
|
Batting: RHB Tim Williams
|
0-0: Ball 1-0: Foul Ball, location: 2F 1-1: Called Strike 1-2: Ground out 6-3 (Groundball, 6MD, EV 102.5 MPH)
|
|
Pitching: LHP Phil Peterson
|
|
|
Batting: RHB Masakuni Takeuchi
|
0-0: Ball 1-0: Ball 2-0: Fly out, F8 (Flyball, 89M, EV 90.6 MPH)
|
| Bottom of the 5th over - 0 runs, 0 hits, 0 errors, 0 left on base; Great Falls 4 - Burlington 3 |
| TOP OF THE 6TH |
|
Great Falls Voyagers batting - Pitching for Burlington Royals : LHP Ken Milhouse
|
|
Batting: RHB Tommy Ellington
|
0-0: Ball 1-0: Swinging Strike 1-1: Foul Ball, location: 2F 1-2: Strikes out swinging
|
|
Batting: RHB David Laureano
|
0-0: Called Strike 0-1: Foul Ball, location: 2F 0-2: Ground out 6-3 (Groundball, 6M, EV 77.5 MPH)
|
|
Batting: RHB Bill Stern
|
0-0: Fly out, F7 (Flyball, 78S, EV 72.5 MPH)
|
| Top of the 6th over - 0 runs, 0 hits, 0 errors, 0 left on base; Great Falls 4 - Burlington 3 |
| BOTTOM OF THE 6TH |
|
Burlington Royals batting - Pitching for Great Falls Voyagers : LHP Phil Peterson
|
|
Batting: RHB Jason Conner
|
0-0: Called Strike 0-1: Called Strike 0-2: Foul Ball, location: 2F 0-2: Ball 1-2: Foul Ball, location: 2F 1-2: Strikes out looking
|
|
Batting: RHB David Rubio
|
0-0: Called Strike 0-1: Swinging Strike 0-2: Ball 1-2: Foul Ball, location: 2F 1-2: Strikes out swinging
|
|
Batting: RHB Juan Nieves
|
0-0: Ball 1-0: Ball 2-0: Foul Ball, location: 2F 2-1: Ground out 3-1 (Groundball, 34, EV 87.5 MPH)
|
| Bottom of the 6th over - 0 runs, 0 hits, 0 errors, 0 left on base; Great Falls 4 - Burlington 3 |
| TOP OF THE 7TH |
|
Great Falls Voyagers batting - Pitching for Burlington Royals : LHP Ken Milhouse
|
|
Pinch Hitting: RHB Brad Adams Jr.
|
0-0: Swinging Strike 0-1: Called Strike 0-2: SINGLE (Groundball, 34D, EV 100.0 MPH)
|
|
Batting: RHB Russ Cornett
|
0-0: Sac Bunt to 13 - play at first, batter OUT! 1-3 Brad Adams Jr. to second
|
|
DELAY
|
Rain delay of 22 minutes in the 7th inning.
|
|
Batting: RHB Enrique Gomez
|
0-0: Intentional Walk
|
|
Batting: SHB Rob Haney
|
0-0: Ball 1-0: Ball 2-0: Ball 3-0: Called Strike 3-1: Called Strike 3-2: Strikes out swinging
|
|
Pitching: RHP Jordan Viveros
|
|
|
Batting: RHB Billy Grubbs
|
0-0: Ball 1-0: Foul Ball, location: 2F 1-1: Swinging Strike 1-2: Strikes out swinging
|
| Top of the 7th over - 0 runs, 1 hit, 0 errors, 2 left on base; Great Falls 4 - Burlington 3 |
| BOTTOM OF THE 7TH |
|
Burlington Royals batting - Pitching for Great Falls Voyagers : LHP Phil Peterson
|
|
Now in LF: Andy Cotton
|
|
|
Batting: LHB Jayden Pelayo
|
0-0: Ball 1-0: Foul Ball, location: 2F 1-1: Foul Ball, location: 2F 1-2: Strikes out swinging
|
|
Batting: SHB Glenn Harrison
|
0-0: Ball 1-0: Called Strike 1-1: Swinging Strike 1-2: Foul Ball, location: 2F 1-2: SINGLE (Groundball, 6MS, EV 68.8 MPH) (infield hit)
|
|
Batting: RHB Angel Melendez
|
0-0: Ball 1-0: Swinging Strike 1-1: Called Strike 1-2: Strikes out swinging
|
|
Batting: RHB Shura Mogilny
|
0-0: Called Strike 0-1: Ball 1-1: Called Strike 1-2: Ball 2-2: Strikes out looking
|
| Bottom of the 7th over - 0 runs, 1 hit, 0 errors, 1 left on base; Great Falls 4 - Burlington 3 |
| TOP OF THE 8TH |
|
Great Falls Voyagers batting - Pitching for Burlington Royals : RHP Jordan Viveros
|
|
Batting: RHB Francisco Marin
|
0-0: Foul Ball, location: 2F 0-1: Foul Ball, location: 2F 0-2: Foul Ball, location: 2F 0-2: Ball 1-2: Strikes out swinging
|
|
Batting: RHB Tommy Ellington
|
0-0: Called Strike 0-1: Foul Ball, location: 2F 0-2: Strikes out swinging
|
|
Batting: RHB David Laureano
|
0-0: Ball 1-0: Foul Ball, location: 2F 1-1: Ball 2-1: Ball 3-1: Foul Ball, location: 2F 3-2: Strikes out swinging
|
| Top of the 8th over - 0 runs, 0 hits, 0 errors, 0 left on base; Great Falls 4 - Burlington 3 |
| BOTTOM OF THE 8TH |
|
Burlington Royals batting - Pitching for Great Falls Voyagers : LHP Phil Peterson
|
|
Batting: RHB Tim Williams
|
0-0: Ball 1-0: Ball 2-0: Ball 3-0: Base on Balls
|
|
Pitching: RHP Jose Vigil
|
|
|
Batting: RHB Masakuni Takeuchi
|
0-0: SINGLE (Groundball, 34, EV 81.9 MPH) (infield hit) Tim Williams to second
|
|
Batting: RHB Jason Conner
|
0-0: Called Strike 0-1: Called Strike 0-2: Strikes out swinging
|
|
Batting: RHB David Rubio
|
0-0: Reached on error, E5 (Groundball, 56, EV 105.6 MPH) Tim Williams to third Masakuni Takeuchi to second
|
|
Batting: RHB Juan Nieves
|
0-0: Called Strike 0-1: Ball 1-1: Foul Ball, location: 2F 1-2: SINGLE (Flyball, 78S, EV 91.2 MPH) Tim Williams scores Masakuni Takeuchi to third David Rubio to second
|
|
Batting: LHB Jayden Pelayo
|
0-0: Ball 1-0: Ball 2-0: Called Strike 2-1: Ball Wild Pitch! Masakuni Takeuchi scores David Rubio to third Juan Nieves to second 3-1: Intentional Walk
|
|
Batting: SHB Glenn Harrison
|
0-0: Ball Passed Ball! David Rubio scores Juan Nieves to third Jayden Pelayo to second 1-0: Intentional Walk
|
|
Batting: RHB Angel Melendez
|
0-0: Ball 1-0: Swinging Strike 1-1: Called Strike 1-2: Ball 2-2: Foul Ball, location: 2F 2-2: Strikes out swinging
|
|
Batting: RHB Shura Mogilny
|
0-0: Ball 1-0: Foul Ball, location: 2F 1-1: Foul Ball, location: 2F 1-2: Ball 2-2: Ball 3-2: Foul Ball, location: 2F 3-2: Strikes out swinging
|
| Bottom of the 8th over - 3 runs, 2 hits, 1 error, 3 left on base; Great Falls 4 - Burlington 6 |
| TOP OF THE 9TH |
|
Great Falls Voyagers batting - Pitching for Burlington Royals : RHP Jordan Viveros
|
|
Batting: RHB Bill Stern
|
0-0: Called Strike 0-1: Called Strike 0-2: Ball 1-2: Foul Ball, location: 2F 1-2: Foul Ball, location: 2F 1-2: Strikes out swinging
|
|
Batting: RHB Andy Cotton
|
0-0: Foul Ball, location: 2F 0-1: Ball 1-1: Ball 2-1: Ball 3-1: Called Strike 3-2: Foul Ball, location: 2F 3-2: Ground out 6-3 (Groundball, 6S, EV 83.8 MPH)
|
|
Batting: RHB Russ Cornett
|
0-0: Ball 1-0: Called Strike 1-1: Ball 2-1: SINGLE (Line Drive, 34D, EV 93.8 MPH)
|
|
Pitching: RHP Obiniana Gaters
|
|
|
Batting: RHB Enrique Gomez
|
0-0: Foul Ball, location: 2F 0-1: Fielders Choice at 2nd, 6-4 (Groundball, 56, EV 89.4 MPH)
|
| Top of the 9th over - 0 runs, 1 hit, 0 errors, 1 left on base; Great Falls 4 - Burlington 6 |
|